 Dungeon Crawl Stone Soup version 0.25-a0-930-g9f5dfa9815 (webtiles) character file.

Game seed: 15647094135636607847, levelgen mode: classic

11346 Amnesiac the Eclecticist (level 11, -7/64 HPs)
             Began as a Deep Elf Wizard on May 4, 2020.
             Was a Priest of Vehumet.
             Mangled by a komodo dragon (30 damage)
             ... on level 11 of the Dungeon.
             The game lasted 00:36:22 (12232 turns).

Amnesiac the Eclecticist (Deep Elf Wizard)         Turns: 12232, Time: 00:36:22

Health: -7/64      AC:  5    Str:  4    XL:     11   Next: 48%
Magic:  20/32      EV: 21    Int: 30    God:    Vehumet [***...]
Gold:   648        SH:  0    Dex: 16    Spells: 26/40 levels left

rFire    . . .     SeeInvis .   a - +2 dagger (elec)
rCold    . . .     Gourm    .   (no shield)
rNeg     . . .     Faith    .   f - +0 robe
rPois    .         Spirit   .   (no helmet)
rElec    .         Reflect  .   D - +2 cloak
rCorr    .         Harm     +   (no gloves)
MR       +....                  (no boots)
Stlth    ++........             N - amulet of harm
HPRegen  0.20/turn              x - +3 ring of intelligence
MPRegen  0.23/turn              r - +3 ring of dexterity

@: no status effects
A: no striking features
a: Renounce Religion


You were on level 11 of the Dungeon.
You worshipped Vehumet.
Vehumet was most pleased with you.
You were not hungry.

You visited 2 branches of the dungeon, and saw 12 of its levels.
You also visited: Ossuary.

You collected 648 gold pieces.

Inventory:

Hand Weapons
 a - a +2 dagger of electrocution (weapon)
 b - a +1 dagger of freezing
 w - a +3 dagger of chaos
 y - a +1 short sword of venom
Missiles
 j - 32 poisoned darts (quivered)
Armour
 f - a +0 robe (worn)
 D - a +2 cloak (worn)
 O - a +1 leather armour of fire resistance
Magical Staves
 c - an uncursed staff of poison
Jewellery
 r - a +3 ring of dexterity (right hand)
 x - a +3 ring of intelligence (left hand)
 N - an amulet of harm (around neck)
 R - an uncursed ring of teleportation
Wands
 k - a wand of scattershot (7)
 v - a wand of flame (29)
 z - a wand of enslavement (4)
 K - a wand of acid (8)
 Q - a wand of iceblast (22)
 S - a wand of random effects (23)
Scrolls
 g - a scroll of vulnerability {!r}
 h - 6 scrolls of teleportation {!r}
 i - a scroll of blinking {!r, unknown}
 l - a scroll of brand weapon {!r, unknown}
 n - 2 scrolls of magic mapping {!r}
 p - 5 scrolls of remove curse {!r}
 s - a scroll of noise {!r}
 B - 2 scrolls of enchant armour {!r}
 H - a scroll of enchant weapon {!r}
 J - a scroll of amnesia {!r, unknown}
 L - a scroll of fear {!r}
 M - a scroll of summoning {!r}
Potions
 e - 7 potions of curing {!q, unknown}
 m - 2 potions of degeneration {!q, unknown}
 o - a potion of haste {!q, unknown}
 q - 3 potions of might {!q, unknown}
 t - a potion of lignification {!q}
 u - a potion of invisibility {!q, unknown}
 C - 2 potions of magic {!q, unknown}
 E - 2 potions of flight {!q, unknown}
 F - a potion of mutation {!q, unknown}
 G - 2 potions of brilliance {!q, unknown}
 I - a potion of resistance {!q, unknown}
Miscellaneous
 P - a phantom mirror
Comestibles
 d - 20 rations
 A - 7 chunks of flesh


   Skills:
 + Level 6.2 Fighting
 - Level 12.0 Dodging
 - Level 2.4 Stealth
 - Level 15.0 Spellcasting
 - Level 5.0 Conjurations
 - Level 1.1 Summonings
 - Level 1.1 Translocations
 - Level 5.0 Evocations


You had 26 spell levels left.
You knew the following spells:

 Your Spells              Type           Power        Failure   Level  Hunger
a - Magic Dart            Conj           ####         1%          1    None
b - Call Imp              Summ           ####....     1%          2    None
c - Frozen Ramparts       Ice            ###...       1%          3    None
e - Mephitic Cloud        Conj/Pois/Air  ####....     1%          3    None
s - Conjure Flame         Conj/Fire      #####...     1%          3    None
v - Blink                 Tloc           N/A          1%          2    None

Your spell library contained the following spells:

 Spells                   Type           Power        Failure   Level  Hunger
 Animate Skeleton         Necr           N/A          1%          1    None
 Apportation              Tloc           ####..       1%          1    None
 Corona                   Hex            ###....      1%          1    None
 Summon Small Mammal      Summ           ####         1%          1    None
 Slow                     Hex            ###.....     3%          2    None


Dungeon Overview and Level Annotations

Branches:
Dungeon (11/15)            Temple (1/1) D:6             Orc (0/2) D:10
Ossuary (visited)
   Lair: D:8-11

Altars:
Ashenzari
Cheibriados
Dithmenos
Elyvilon
Fedhas
Gozag
Hepliaklqana
Kikubaaqudgha
Makhleb
Nemelex Xobeh
Okawaru
Qazlal
Ru
Sif Muna
Trog
Uskayaw
Vehumet
Wu Jian
Xom
Yredelemnul
Zin
The Shining One

Shops:
D:7 (

Portals:
Ice
Cave: D:11

Annotations:
D:8 3 runed translucent doors, bohran's ghost, novice CeHu
D:11 exclusion: oklob plant, Labimieg's ghost, novice DDFi


Message History

Aim: an ice beast (almost dead)
The magic dart hits the ice beast but does no damage.
The ice beast is almost dead.
The ice beast misses you.
Casting: Magic Dart (safe; 1% risk of failure)
Confirm with . or Enter, or press ? or * to list all spells.
Aiming: Magic Dart (safe; 1% risk of failure)
Press: ? - help, Shift-Dir - straight line, f/p - ice beast
Aim: an ice beast (almost dead)
The magic dart hits the ice beast.
You kill the ice beast!
Vehumet accepts your kill.
You feel your power returning.
Labimieg's ghost (novice Deep Dwarf Fighter) comes into view.
Press: ? - help, v - describe, . - travel
Here: Labimieg's ghost (hasn't noticed you)
The floor.
You hit the ice beast but do no damage. The ice beast completely misses you.
You barely miss the ice beast. The ice beast misses you.
You hit the ice beast.
Lightning courses through the ice beast!
The ice beast is heavily wounded.
The ice beast closely misses you.
You closely miss the ice beast.
The ice beast is heavily wounded.
The ice beast closely misses you.
You hit the ice beast but do no damage.
The ice beast is heavily wounded.
The ice beast hits you. The ice beast freezes you.
You hit the ice beast.
Lightning courses through the ice beast!
You kill the ice beast!
Vehumet accepts your kill.
The komodo dragon is too close now for your liking.
The komodo dragon hisses angrily.
Casting: Magic Dart (safe; 1% risk of failure)
Confirm with . or Enter, or press ? or * to list all spells.
The fire begins to smolder!
You hear the steady crackling of a distant melting archway.
Labimieg's ghost turns its malevolent gaze towards you.
The fire ignites!
Casting: Conjure Flame (safe; 1% risk of failure)
Confirm with . or Enter, or press ? or * to list all spells.
The fire begins to smolder!
An ice devil comes into view.
Labimieg's ghost closely misses you.
The fire ignites!
Labimieg's ghost barely misses you.
A white imp comes into view.
Found a ring of fire.
The white imp barely misses you. The ice devil closely misses you.
Found 20 stones, an emerald ring and a scroll labeled TITUT TUFIM.
Casting: Conjure Flame (safe; 1% risk of failure)
Confirm with . or Enter, or press ? or * to list all spells.
You blink.
The white imp shouts, "Run away, thou lily-hearted toad-spotted nightsoil!"
Casting: Blink (safe; 1% risk of failure)
Confirm with . or Enter, or press ? or * to list all spells.
You blink.
The ice devil hits you! The ice devil freezes you!!
* * * LOW HITPOINT WARNING * * *
Labimieg's ghost barely misses you.
Casting: Blink (safe; 1% risk of failure)
Confirm with . or Enter, or press ? or * to list all spells.
You blink.
The white imp closely misses you. The komodo dragon bites you!!
You die...

# #...##.......##...#+#...##
#.##..#.........##.........#
#.##.##..........#.......#..
#....#...####....##.......#
#...##..##?=###☼..#.......#
#...#..##...(.##§.#.......#
#...#..#...=...#5.#.......#
.....#..##......#l.##......#
##.. ##..###....@5W.#.......
#. #..........4§## ... #
##...####..### .. #####.
#### . .. ##


You could see a komodo dragon, an ice devil, Labimieg's ghost and 2 white imps.

Vanquished Creatures
  Snorg (D:10)
  Erolcha (D:11)
  3 two-headed ogres
  Urug (D:10)
  An ugly thing (D:11)
  Joseph (D:7)
  Psyche (D:10)
  Prince Ribbit (D:8)
  2 hippogriffs (D:10)
  6 yaks
  2 wraiths (Ossuary)
  A shadow (D:9)
  A water moccasin (D:11)
  A black bear (D:7)
  6 orc warriors
  5 sky beasts
  2 eyes of draining (D:11)
  A necrophage (D:6)
  A phantom (D:4)
  6 ice beasts
  3 ogres
  5 centaurs
  A big kobold (D:7)
  4 bullfrogs
  A howler monkey (D:5)
  5 wights
  6 crimson imps
  A bullfrog zombie (D:10)
  A centaur zombie (D:6)
  6 hounds
  A jelly (D:6)
  8 orc priests
  A centaur skeleton (D:11)
  6 orc wizards
  2 iguanas
  Natasha (thrice) (D:2)
  6 worker ants
  A centaur simulacrum (D:11)
  A worker ant zombie (D:10)
  4 gnolls (D:6)
  8 adders
  4 shadow imps
  2 white imps
  A worker ant simulacrum (D:11)
  2 oozes
  2 adder zombies
  An adder skeleton (D:5)
  2 dart slugs
  7 leopard geckos
  51 orcs
  15 bats
  2 giant cockroaches (D:3)
  11 goblins
  8 hobgoblins
  10 jackals
  5 quokkas
  A ball python skeleton (Ossuary)
  2 frilled lizards
  A goblin zombie (D:6)
  5 hobgoblin skeletons (Ossuary)
  A hobgoblin zombie (D:6)
  6 kobolds
  2 kobold skeletons (D:6)
  A kobold zombie (Ossuary)
  2 leopard gecko skeletons (D:5)
  A leopard gecko zombie (D:5)
  2 orc skeletons (D:6)
  An orc zombie (Ossuary)
  A quokka skeleton (D:6)
  A quokka zombie (D:6)
  7 rats
275 creatures vanquished.

Vanquished Creatures (collateral kills)
  A yak (D:7)
  A wight (D:10)
2 creatures vanquished.

Vanquished Creatures (others)
  An ogre (D:8)
  A hound (D:8)
2 creatures vanquished.

Grand Total: 279 creatures vanquished

Notes
Turn   | Place    | Note
-------+----------+-------------------------------------------
     0 | D:1      | Amnesiac the Deep Elf Wizard began the quest for the Orb.
     0 | D:1      | Reached XP level 1. HP: 10/10 MP: 7/7
   268 | D:3      | Reached XP level 2. HP: 15/15 MP: 6/9
   278 | D:2      | Learned a level 2 spell: Blink
   281 | D:2      | Learned a level 2 spell: Call Imp
   545 | D:3      | Reached XP level 3. HP: 19/19 MP: 9/11
   550 | D:3      | Learned a level 3 spell: Conjure Flame
   554 | D:3      | Learned a level 3 spell: Mephitic Cloud
  1199 | D:4      | Reached XP level 4. HP: 16/24 MP: 3/12
  1432 | D:4      | Reached skill level 5 in Spellcasting
  1715 | D:4      | Found a shattered altar of Ashenzari.
  1779 | D:5      | Entered Level 5 of the Dungeon
  1813 | D:5      | Reached skill level 1 in Evocations
  1813 | D:5      | Reached XP level 5. HP: 26/28 MP: 6/14
  1986 | D:5      | Noticed a sky beast
  1991 | D:5      | Noticed a phantom
  2006 | D:5      | Killed a sky beast
  2006 | D:5      | Reached XP level 6. HP: 18/32 MP: 0/16
  2205 | D:5      | Reached skill level 5 in Evocations
  2294 | D:5      | Found a glowing silver altar of Zin.
  2294 | D:5      | Noticed a sky beast
  2317 | D:5      | Killed a sky beast
  2317 | D:5      | Reached skill level 5 in Conjurations
  2317 | D:5      | Reached XP level 7. HP: 25/36 MP: 13/17
  2556 | D:5      | Reached skill level 6 in Spellcasting
  2970 | D:5      | Found a snail-covered altar of Cheibriados.
  2974 | D:5      | Found an iron altar of Okawaru.
  2980 | D:5      | Found a basalt altar of Yredelemnul.
  3029 | D:5      | Found a hazy altar of Hepliaklqana.
  3030 | D:5      | Found a shimmering altar of Xom.
  3031 | D:5      | Noticed a spectral ugly thing
  3064 | D:6      | Found a staircase to the Ecumenical Temple.
  3081 | Temple   | Entered the Ecumenical Temple
  3361 | D:6      | Reached skill level 7 in Spellcasting
  3445 | D:2      | Found an ornate altar of the Wu Jian Council.
  3449 | D:2      | Found a hide-covered altar of Uskayaw.
  3594 | D:2      | Noticed Natasha
  3601 | D:2      | Killed Natasha
  3740 | D:2      | Noticed Natasha
  3744 | D:2      | Killed Natasha
  3744 | D:2      | Reached skill level 5 in Dodging
  4641 | D:6      | Found a glowing golden altar of the Shining One.
  4824 | D:6      | Reached XP level 8. HP: 37/41 MP: 7/21
  4831 | D:6      | Reached skill level 8 in Spellcasting
  6045 | D:2      | Noticed Natasha
  6050 | D:2      | Killed Natasha
  6125 | D:7      | Reached skill level 9 in Spellcasting
  6428 | D:7      | Reached skill level 10 in Spellcasting
  6481 | D:7      | Reached XP level 9. HP: 19/45 MP: 0/25
  6738 | D:7      | Found Fikhlyiqo's Weapon Shoppe.
  6828 | D:7      | Reached skill level 11 in Spellcasting
  6923 | D:7      | Noticed Joseph
  6943 | D:7      | Killed Joseph
  7094 | D:8      | Noticed a two-headed ogre
  7118 | D:8      | Found a runed translucent gate.
  7122 | D:8      | Found a runed translucent gate.
  7122 | D:8      | Found a runed translucent gate.
  7122 | D:8      | Noticed a deep elf knight
  7122 | D:8      | Noticed bohran's ghost (novice CeHu)
  7126 | D:8      | Killed a two-headed ogre
  7126 | D:8      | Reached skill level 12 in Spellcasting
  7142 | D:8      | Noticed a two-headed ogre
  7143 | D:8      | Noticed Prince Ribbit
  7149 | D:8      | Killed a two-headed ogre
  7149 | D:8      | Reached skill level 13 in Spellcasting
  7149 | D:8      | Killed Prince Ribbit
  7156 | D:8      | Reached XP level 10. HP: 28/50 MP: 12/29
  7424 | D:8      | Found a sand-covered staircase.
  7438 | Ossuary  | Entered an ossuary
  7926 | D:8      | Found a bloodstained altar of Trog.
  7927 | D:8      | Found a radiant altar of Vehumet.
  8223 | D:8      | Became a worshipper of Vehumet
  9184 | D:9      | Reached skill level 10 in Dodging
  9425 | D:9      | Reached skill level 14 in Spellcasting
  9539 | D:9      | Reached * piety under Vehumet
  9539 | D:9      | Offered knowledge of Sandblast by Vehumet.
 10080 | D:9      | Found a burning altar of Makhleb.
 10166 | D:10     | Entered Level 10 of the Dungeon
 10177 | D:10     | Noticed Urug
 10196 | D:10     | Killed Urug
 10257 | D:10     | Reached ** piety under Vehumet
 10274 | D:10     | Reached skill level 15 in Spellcasting
 10397 | D:10     | Offered knowledge of Foxfire by Vehumet.
 10584 | D:10     | Noticed Snorg
 10609 | D:10     | Your ally died
 10710 | D:10     | Noticed Psyche
 10757 | D:10     | Killed Psyche
 10757 | D:10     | Reached XP level 11. HP: 25/58 MP: 14/32
 11010 | D:10     | Offered knowledge of Dazzling Flash by Vehumet.
 11093 | D:10     | Found a staircase to the Orcish Mines.
 11138 | D:10     | Reached *** piety under Vehumet
 11941 | D:11     | Found a frozen archway.
 11993 | D:11     | Found a runed translucent gate.
 11993 | D:11     | Found a runed translucent gate.
 11997 | D:11     | Noticed an oklob plant
 11997 | D:11     | Noticed a two-headed ogre
 12003 | D:11     | Found a runed translucent gate.
 12035 | D:11     | Killed a two-headed ogre
 12035 | D:11     | Reached skill level 5 in Fighting
 12092 | D:11     | Noticed a white ugly thing
 12098 | D:11     | Killed a white ugly thing
 12100 | D:11     | Noticed Erolcha
 12110 | D:11     | Killed Erolcha
 12157 | D:11     | Offered knowledge of Frozen Ramparts by Vehumet.
 12162 | D:11     | Learned a level 3 spell: Frozen Ramparts
 12204 | D:11     | Noticed Labimieg's ghost (novice DDFi)
 12232 | D:11     | Mangled by a komodo dragon

Levels and vault maps discovered:
D:1:      minmay_arrival_three_doors, layout_basic, minmay_distorted
D:2:      layout_basic, grunt_temple_overflow_open, serial_rivers,
          chequers_serial_rivers_micro_a, chequers_serial_rivers_small_b,
          chequers_serial_rivers_micro_a, chequers_serial_rivers_micro_b,
          chequers_serial_rivers_small_b, uniq_natasha
D:3:      layout_basic
D:4:      layout_cave_pods, overflow_temple_1_default, first_ration
D:5:      layout_rooms, marbit_many_paths, minmay_overflow_temple_star_quad,
          regret_index_temple_of_mockery
D:6:      layout_loops_ring, nicolae_tso_besieged_by_evil,
          minmay_temple_entry_statues
D:7:      layout_loops_ring, serial_shops, kennysheep_mini_moat, uniq_joseph
D:8:      layout_rooms, gammafunk_temple_overflow_statue, enter_ossuary_2,
          gammafunk_ghost_split, grunt_ogre_cave, lemuel_flamethrower_2,
          uniq_prince_ribbit1
D:9:      layout_roguey [special_room_orc], makhleb_heckhound_becter
D:10:     layout_roguey, hiddenorc2_lemuel, uniq_snorg, uniq_psyche, uniq_urug
D:11:     layout_basic, dpeg_oklobed_lair, gammafunk_ghost_icy,
          portal_ice_cave_entry_pillars_2, uniq_erolcha
Temple:   nicolae_temple_figure_zero

Skill      XL: |  1  2  3  4  5  6  7  8  9 10 11 |
---------------+----------------------------------+-----
Conjurations   | 2 3 4 5 |  5.0
Spellcasting   | 5 7 10 13 15 | 15.0
Evocations     | 1 4 5 |  5.0
Dodging        | 3 5 7 9 11 12 | 12.0
Fighting       | 2 6 |  6.2
Stealth        | |  2.4
Summonings     | |  1.1
Translocations | |  1.1

Action                   |  1- 3 |  4- 6 |  7- 9 | 10-12 || total
-------------------------+-------+-------+-------+-------++-------
Melee: Dagger            |       |    15 |    22 |   134 ||   171
Throw: Dart              |       |       |       |     7 ||     7
 Cast: Magic Dart        |    77 |    59 |   251 |   412 ||   799
       Conjure Flame     |       |     1 |    14 |    28 ||    43
       Blink             |       |       |     5 |     8 ||    13
       Call Imp          |       |       |     5 |     3 ||     8
       Mephitic Cloud    |       |       |     7 |    22 ||    29
Evoke: Wand              |       |       |    10 |    10 ||    20
  Use: Scroll            |       |       |     9 |     6 ||    15
       Potion            |       |       |     1 |     3 ||     4
 Stab: Confused          |       |       |       |     2 ||     2
  Eat: Chunk             |     1 |     2 |    15 |    10 ||    28
       Ration            |       |       |       |     2 ||     2
Armor: Robe              |     2 |     5 |     7 |    22 ||    36
       Skin              |       |       |       |     5 ||     5
Dodge: Dodged            |    10 |    18 |    69 |   200 ||   297

Table legend:
 A = Non-vault XP
 B = Vault XP
 C = Vault XP percentage of total XP
 D = Non-vault monster count
 E = Vault monster count
 F = Vault count percentage of total count
                 A         B        C        D         E       F
            +---------+---------+-------+---------+---------+-------
      Total |    9635 |    6574 |  40.6 |     182 |      95 |  34.3
            +---------+---------+-------+---------+---------+-------
        D:1 |      35 |       2 |   5.4 |      18 |       2 |  10.0
        D:2 |     123 |      35 |  22.2 |      15 |       1 |   6.2
        D:3 |      56 |       0 |   0.0 |      29 |       0 |   0.0
        D:4 |     246 |       0 |   0.0 |      10 |       0 |   0.0
        D:5 |     591 |     129 |  17.9 |      18 |       1 |   5.3
        D:6 |     686 |      16 |   2.3 |      19 |       7 |  26.9
        D:7 |    1213 |     471 |  28.0 |      16 |       1 |   5.9
        D:8 |    1793 |     399 |  18.2 |      12 |       2 |  14.3
        D:9 |     714 |     403 |  36.1 |      16 |      25 |  61.0
       D:10 |    2158 |    3079 |  58.8 |      21 |      35 |  62.5
       D:11 |    2020 |    1423 |  41.3 |       8 |       7 |  46.7
    Ossuary |       0 |     617 | 100.0 |       0 |      14 | 100.0
            +---------+---------+-------+---------+---------+-------
